 Dungeon Crawl Stone Soup version 0.28-a0-724-g66f9036eb4 (webtiles) character file.

Game seed: 8131952629184841917

67 ytrimaz the Covered (level 4, -1/37 HPs)
             Began as a Formicid Fighter on Oct 26, 2021.
             Slain by a gnoll (5 damage)
             ... on level 3 of the Dungeon.
             The game lasted 00:02:02 (1844 turns).

ytrimaz the Covered (Formicid Fighter)              Turns: 1844, Time: 00:02:02

Health: -1/37      AC:  9    Str: 28    XL:     4   Next: 38%
Magic:  0/4        EV: 10    Int:  7    God:
Gold:   107        SH:  4    Dex: 10    Spells: 3/3 levels left

rFire   . . .      SeeInvis +   a - +0 war axe
rCold   . . .      Faith    .   c - +0 buckler
rNeg    . . .      Spirit   +   b - +1 scale mail
rPois   .          Reflect  .   (helmet unavailable)
rElec   .          Harm     .   (no cloak)
rCorr   .          Rampage  .   (no gloves)
Will    .....                   m - +0 pair of boots
Stlth   ..........              h - amulet of guardian spirit
HPRegen 0.12/turn               e - +6 ring of strength
MPRegen 0.09/turn               (no ring)

@: mighty
A: permanent stasis, dig shafts and tunnels, antennae 3, four strong arms
a: Dig, Shaft Self


You were on level 3 of the Dungeon.
You visited 1 branch of the dungeon, and saw 3 of its levels.

You collected 107 gold pieces.

Inventory:

Hand Weapons
 a - a +0 war axe (weapon)
Armour
 b - a +1 scale mail (worn)
 c - a +0 buckler (worn)
 m - a +0 pair of boots (worn)
Jewellery
 e - a +6 ring of strength (left hand)
 h - an amulet of guardian spirit (around neck)
 l - a +4 ring of protection
Potions
 f - a potion of curing {unknown}
 g - a potion of haste {unknown}
 i - 2 potions of brilliance {unknown}
 j - a potion of resistance {unknown}
 k - a potion of flight {unknown}


   Skills:
 + Level 4.0 Fighting
 + Level 3.1 Axes
 + Level 4.0 Armour
 - Level 3.6 Shields


You had 3 spell levels left.
You didn't know any spells.
Your spell library contained the following spells:

 Spells                   Type           Power      Damage    Failure   Level
 Magic Dart               Conj           0%         1d3       69%         1
 Shock                    Conj/Air       0%         1d3       69%         1
 Call Imp                 Summ           0%         N/A       83%         2
 Mephitic Cloud           Conj/Pois/Air  0%         N/A       96%         3
 Airstrike                Air            0%         N/A       100%        4
 Swiftness                Air            Unusable   N/A       N/A         3

Dungeon Overview and Level Annotations

Branches:
Dungeon (3/15)

Altars:


Innate Abilities, Weirdness & Mutations

You cannot be hasted, slowed, berserked, paralysed or teleported.
You can dig through walls and to a lower floor.
You have a pair of large antennae on your head. (SInv)
Your four strong arms can wield two-handed weapons with a shield.


Message History

Unknown command.
You feel very mighty all of a sudden. The gnoll hits you but does no damage.
The gnoll hits you from afar with a +0 spear.
You slash the gnoll!
The gnoll is almost dead.
You closely miss the giant cockroach. You hit the gnoll.
The giant cockroach closely misses you.
The gnoll hits you from afar with a +0 spear.
The gnoll hits you with a +0 spear. The gnoll barely misses you.
The giant cockroach bites you but does no damage.
You closely miss the gnoll.
The gnoll is almost dead.
You hit the giant cockroach.
You kill the giant cockroach!
You barely miss the gnoll.
The gnoll hits you from afar with a +0 spear.
You block the gnoll's attack.
The gnoll hits you with a +1 flail of protection.
The endoplasm freezes you.
You are frozen.
You block the gnoll's attack. The gnoll hits you but does no damage.
The gnoll hits you with a +1 flail of protection.
You barely miss the gnoll.
The gnoll is almost dead.
You hit the endoplasm. You barely miss the gnoll. The endoplasm freezes you.
You are frozen.
The gnoll hits you with a +0 spear.
* * * LOW HITPOINT WARNING * * *
The gnoll hits you but does no damage. The gnoll closely misses you.
You slash the gnoll!
You kill the gnoll!
You completely miss the endoplasm. You hit the gnoll.
The endoplasm freezes you.
You are frozen.
* * * LOW HITPOINT WARNING * * *
The gnoll hits you from afar with a +0 spear.
* * * LOW HITPOINT WARNING * * *
The gnoll hits you with a +0 spear.
You die...

.#.....#.#
.#######.#
#..........
.........#
#.#........
###......#
#..^......
.....#######
#.......#
...........#
.......#
##########.#
..g...# #
#.#####gJ.#####
#......@g......
######.#..#####
#.#..# #.#..#
#(#..# #.#..#
#.#... #.##.#


You could see 3 gnolls and an endoplasm.

Vanquished Creatures
  A gnoll (D:3)
  A worm (D:3)
  3 orcs (D:3)
  12 ball pythons
  7 endoplasms
  2 giant cockroaches
  2 goblins
  8 hobgoblins
  2 jackals (D:2)
  3 kobolds (D:1)
  3 quokkas
  5 bats (D:2)
  4 frilled lizards
  4 rats
57 creatures vanquished.

Notes
Turn   | Place    | Note
-------+----------+-------------------------------------------
     0 | D:1      | ytrimaz the Formicid Fighter began the quest for the Orb.
     0 | D:1      | Reached XP level 1. HP: 18/18 MP: 1/1
    96 | D:1      | Reached XP level 2. HP: 21/24 MP: 2/2
   625 | D:1      | You fall into a shaft and drop 1 floor!
   630 | D:2      | Reached XP level 3. HP: 30/30 MP: 3/3
  1386 | D:2      | Reached XP level 4. HP: 37/37 MP: 4/4
  1844 | D:3      | Slain by a gnoll

Illustrated notes

Levels and vault maps discovered:
D:1:      amcnicky_arrival_gap_in_the_tavern_cellar, layout_loops_ring
D:2:      layout_loops_ring, minmay_crystal_water
D:3:      layout_loops_ring, minmay_checkerbox

Skill      XL: |  1  2  3  4 |
---------------+-------------+-----
Axes           | 3 |  3.1
Armour         | 4 |  4.0
Fighting       | 4 |  4.0
Shields        | |  3.6

Action                   |  1- 3 |  4- 6 || total
-------------------------+-------+-------++-------
Melee: War axe           |    82 |    26 ||   108
  Use: Scroll            |     2 |       ||     2
       Potion            |       |     1 ||     1
Armor: Scale mail        |    49 |    16 ||    65
Dodge: Dodged            |    53 |    23 ||    76
Block: Buckler           |    18 |    10 ||    28

Table legend: (Time is in decaauts)
 A = Elapsed time spent in this place.
 B = Non-inter-level travel time spent in this place.
 C = Inter-level travel time spent in this place.
 D = Time resting spent in this place.
 E = Time spent auto-exploring this place.
 F = Levels seen in this place.
 G = Mean time per level.
                   A        B        C        D        E       F      G
               +--------+--------+--------+--------+--------+-----+--------+
         Total |   1888 |   1820 |     68 |      0 |   1432 |   3 |  629.3 |
       Dungeon |   1888 |   1820 |     68 |      0 |   1432 |   3 |  629.3 |
               +--------+--------+--------+--------+--------+-----+--------+

Top non-repeatable levels by time:
     D:1: 946 daAuts
     D:2: 715 daAuts
     D:3: 226 daAuts
